 Dungeon Crawl Stone Soup version 0.29-a0-337-g68df138881 (webtiles) character file.

Game seed: 1477572850285106666

9723 Jortsu the Blocker (level 11, -6/89 HPs)
             Began as a Gnoll Fighter on Apr 16, 2022.
             Was an Elder of the Shining One.
             Mangled by an ettin
             ... wielding a +0 dire flail
              (14 damage)
             ... on level 10 of the Dungeon.
             The game lasted 00:17:27 (8927 turns).

Jortsu the Blocker (Gnoll Fighter)                  Turns: 8927, Time: 00:17:28

Health: -6/89      AC: 18    Str: 26    XL:     11   Next: 51%
Magic:  18/20      EV:  9    Int:  8    God:    the Shining One [****..]
Gold:   1122       SH: 14    Dex: 11    Spells: 22/22 levels left

rFire   . . .      SeeInvis .   a - +0 war axe (spect)
rCold   . . .      Faith    .   c - +0 buckler
rNeg    + + .      Spirit   .   l - +1 plate armour
rPois   +          Reflect  .   (no helmet)
rElec   .          Harm     .   (no cloak)
rCorr   .          Rampage  .   (no gloves)
Will    .....                   i - +2 pair of boots
Stlth   ..........              b - amulet of regeneration
HPRegen 1.04/turn               e - +6 ring of strength
MPRegen 0.17/turn               g - ring of poison resistance

@: divinely shielded, glowing
A: fangs 1, strong nose, distributed training
a: Renounce Religion, Divine Shield, Cleansing Flame


You were on level 10 of the Dungeon.
You worshipped the Shining One.
The Shining One was greatly pleased with you.
You visited 2 branches of the dungeon, and saw 11 of its levels.
You also visited: Bailey.

You collected 1122 gold pieces.

Inventory:

Hand Weapons
 a - a +0 spectral war axe (weapon)
Missiles
 y - a throwing net (quivered)
Armour
 c - a +0 buckler (worn)
 i - a +2 pair of boots (worn)
 l - a +1 plate armour (worn)
Jewellery
 b - an amulet of regeneration (around neck)
 e - a +6 ring of strength (left hand)
 g - a ring of poison resistance (right hand)
 q - a ring of positive energy
 r - a ring of protection from cold
 u - an amulet of magic regeneration
Wands
 p - a wand of mindburst (11)
 t - a wand of paralysis (2)
 F - a wand of flame (4)
Scrolls
 h - 6 scrolls of vulnerability
 j - a scroll of fog
 k - a scroll of immolation
 A - 2 scrolls of enchant armour
 B - a scroll of magic mapping
 C - a scroll of acquirement {unknown}
 D - a scroll of identify
 E - a scroll of holy word {unknown}
Potions
 d - 3 potions of brilliance {unknown}
 f - 5 potions of curing {unknown}
 m - a potion of mutation
 n - 4 potions of flight
 o - 3 potions of heal wounds
 w - 2 potions of ambrosia {unknown}
 x - 2 potions of haste {unknown}
 z - 2 potions of magic {unknown}


   Skills:
 + Level 9.2 Fighting
 + Level 6.3 Short Blades
 + Level 6.3 Long Blades
 + Level 7.9 Axes
 + Level 6.3 Maces & Flails
 + Level 6.3 Polearms
 + Level 6.3 Staves
 + Level 6.3 Slings
 + Level 6.3 Bows
 + Level 6.3 Crossbows
 + Level 6.3 Throwing
 + Level 9.2 Armour
 + Level 6.3 Dodging
 + Level 6.3 Stealth
 + Level 9.2 Shields
 + Level 6.3 Unarmed Combat
 + Level 6.3 Spellcasting
 + Level 5.2 Conjurations
 + Level 5.2 Hexes
 + Level 5.2 Summonings
 + Level 5.2 Necromancy
 + Level 5.2 Translocations
 + Level 5.2 Transmutations
 + Level 5.2 Fire Magic
 + Level 5.2 Ice Magic
 + Level 5.2 Air Magic
 + Level 5.2 Earth Magic
 + Level 5.2 Poison Magic
 + Level 7.0 Invocations
 + Level 6.3 Evocations


You had 22 spell levels left.
You didn't know any spells.
Your spell library contained the following spells:

 Spells                   Type           Power      Damage    Failure   Level
 Ignite Poison            Fire/Tmut/Pois 11%        N/A       67%         3
 Mephitic Cloud           Conj/Pois/Air  11%        N/A       67%         3
 Tukima's Dance           Hex            11%        N/A       67%         3
 Anguish                  Hex/Necr       5%         N/A       97%         4
 Freezing Cloud           Conj/Ice/Air   5%         6-21      100%        5
 Enfeeble                 Hex            5%         N/A       100%        7


Dungeon Overview and Level Annotations

Branches:
Dungeon (10/15)            Temple (0/1) D:7             Orc (1/2) D:10
 Bailey (visited)
   Lair: D:8-11

Altars:
Hepliaklqana
Makhleb
The Shining One

Shops:
D:7 :   D:8 *   Orc:1 =


Innate Abilities, Weirdness & Mutations

You have very sharp teeth.
Your uncanny sense of smell can sniff out nearby items.
Your experience applies equally to all skills.


Message History

The ettin is lightly wounded.
Your +0 spectral war axe hits the ettin.
You block the ettin's attack.
The ettin hits you with a +0 dire flail!
You slash the ettin!
The ettin is moderately wounded.
Your +0 spectral war axe hits the ettin.
The ettin hits you with a +0 dire flail!!
The ettin hits you with a +0 dire flail!
You hit the ettin but do no damage.
The ettin is moderately wounded.
Your +0 spectral war axe hits the ettin.
The troll bites your +0 spectral war axe.
Your spectral weapon shares its damage with you!
The troll claws your +0 spectral war axe!
Your spectral weapon shares its damage with you!
The troll completely misses your +0 spectral war axe.
You block the ettin's attack.
The ettin hits you with a +0 dire flail!!!
The Shining One protects you from harm!
The ettin hits you with a +0 dire flail.
* * * LOW HITPOINT WARNING * * *
The ettin hits you with a +0 dire flail!
* * * LOW HITPOINT WARNING * * *
You hit the ettin but do no damage.
The ettin is heavily wounded.
Your +0 spectral war axe hits the ettin.
Your +0 spectral war axe hits the troll!
The troll bites your +0 spectral war axe!
Your spectral weapon shares its damage with you!
Your +0 spectral war axe fades away.
* * * LOW HITPOINT WARNING * * *
The ettin hits you with a +0 dire flail!!
The Shining One protects you from harm! You block the ettin's attack.
You hit the ettin but do no damage.
The ettin is heavily wounded.
Your +0 spectral war axe hits the ettin.
The ettin hits you with a +0 dire flail!
You die...

#####..##.##.##.o##).#####...#.#
##..#.##...#..##[))....#...>.#.##
.###..#..#.#.#.o[###..##.......#.
.#....#..#.....#.#####.##....#.#.
.##.#.##..#...#.#..##.###.##.#.#.
.##.##..#..#......#....#..##.#.#.
.##.##.#..#.>C##.[#..###.#####.#.
.##..#.##....###CT.#..##.## ##.#.
.##.#.#.#..#.#.(@.[.####..###..#.
....#.#......###..#...##...##..#.
.#..###...####.#.##.#.##.........
####......# #....###..####.......
#.##..## ###.###.### #.......
################ ##.## ##....##.
#..>....##.[#.# #..###....####
##......# #...# ###..#....## #
#...#...# #...####....)....#


You could see an ettin, a troll and a friendly +0 spectral war axe (summoned).

Vanquished Creatures
  A boulder beetle (D:10)
  A two-headed ogre (D:10)
  Maggie (D:6)
  Grinder (D:5)
  Sigmund (D:3)
  4 fire bats (D:10)
  9 yaks
  2 steam dragons (D:8)
  A warg (Orc:1)
  Duvessa (D:7)
  3 water moccasins
  2 ice beasts
  11 orc warriors
  A sky beast (D:6)
  3 ogres
  6 centaurs
  A phantom (D:5)
  12 kobold brigands
  A bullfrog (D:8)
  2 necrophages
  A gnoll sergeant (D:10)
  4 scorpions
  3 wights (D:10)
  Dowan (D:7)
  8 killer bees (D:9)
  2 howler monkeys (D:9)
  4 hounds
  A jelly (D:3)
  8 orc priests
  2 gnoll shamans
  2 iguanas
  14 orc wizards
  13 gnolls
  10 adders
  A shadow imp (D:7)
  A white imp (D:4)
  A worm (D:5)
  2 dart slugs
  50 orcs
  10 endoplasms
  3 giant cockroaches
  19 goblins
  11 hobgoblins
  5 jackals
  28 kobolds
  4 quokkas
  6 ball pythons
  7 bats
  3 frilled lizards
  4 rats
292 creatures vanquished.

Notes
Turn   | Place    | Note
-------+----------+-------------------------------------------
     0 | D:1      | Jortsu the Gnoll Fighter began the quest for the Orb.
     0 | D:1      | Reached XP level 1. HP: 23/23 MP: 1/1
   195 | D:1      | Reached XP level 2. HP: 29/29 MP: 2/2
   536 | D:1      | Reached XP level 3. HP: 35/35 MP: 3/3
  1178 | D:2      | Reached skill level 1 in Invocations
  1269 | D:2      | Found a faded altar of an unknown god.
  1282 | D:2      | Prayed at the altar of an unknown god.
  1282 | D:2      | Became a worshipper of the Shining One
  1282 | D:2      | Reached * piety under the Shining One
  1398 | D:2      | Reached skill level 1 in Short Blades
  1398 | D:2      | Reached skill level 1 in Long Blades
  1398 | D:2      | Reached skill level 1 in Maces & Flails
  1398 | D:2      | Reached skill level 1 in Polearms
  1398 | D:2      | Reached skill level 1 in Staves
  1398 | D:2      | Reached skill level 1 in Slings
  1398 | D:2      | Reached skill level 1 in Bows
  1398 | D:2      | Reached skill level 1 in Crossbows
  1398 | D:2      | Reached skill level 1 in Throwing
  1398 | D:2      | Reached skill level 1 in Dodging
  1398 | D:2      | Reached skill level 1 in Stealth
  1398 | D:2      | Reached skill level 1 in Unarmed Combat
  1398 | D:2      | Reached skill level 1 in Spellcasting
  1398 | D:2      | Reached skill level 1 in Evocations
  1404 | D:2      | Reached XP level 4. HP: 37/41 MP: 5/5
  1659 | D:2      | Noticed a necrophage
  1665 | D:2      | Killed a necrophage
  1666 | D:2      | Reached skill level 1 in Conjurations
  1666 | D:2      | Reached skill level 1 in Hexes
  1666 | D:2      | Reached skill level 1 in Summonings
  1666 | D:2      | Reached skill level 1 in Necromancy
  1666 | D:2      | Reached skill level 1 in Translocations
  1666 | D:2      | Reached skill level 1 in Transmutations
  1666 | D:2      | Reached skill level 1 in Fire Magic
  1666 | D:2      | Reached skill level 1 in Ice Magic
  1666 | D:2      | Reached skill level 1 in Air Magic
  1666 | D:2      | Reached skill level 1 in Earth Magic
  1666 | D:2      | Reached skill level 1 in Poison Magic
  1666 | D:2      | Reached XP level 5. HP: 47/47 MP: 5/7
  2044 | D:3      | Noticed Sigmund
  2053 | D:3      | Killed Sigmund
  2054 | D:3      | Reached skill level 5 in Axes
  2054 | D:3      | Reached XP level 6. HP: 43/53 MP: 8/8
  3331 | D:4      | Reached XP level 7. HP: 50/59 MP: 10/10
  3743 | D:5      | Entered Level 5 of the Dungeon
  3774 | D:5      | Noticed Grinder
  3777 | D:5      | Paralysed by Grinder for 7 turns
  3788 | D:5      | Paralysed by Grinder for 7 turns
  3795 | D:5      | Killed Grinder
  3862 | D:5      | Reached ** piety under the Shining One
  3869 | D:5      | Reached XP level 8. HP: 67/67 MP: 12/12
  4316 | D:6      | Reached XP level 9. HP: 73/73 MP: 14/14
  4800 | D:7      | Found a hazy altar of Hepliaklqana.
  4802 | D:7      | Found a burning altar of Makhleb.
  4805 | D:7      | Noticed Maggie
  4834 | D:6      | Killed Maggie
  4965 | D:7      | Noticed Dowan
  4965 | D:7      | Noticed Duvessa
  4971 | D:7      | Killed Dowan
  4971 | D:7      | Killed Duvessa
  5026 | D:7      | Found a staircase to the Ecumenical Temple.
  5070 | D:7      | Reached skill level 5 in Invocations
  5241 | D:7      | Found Utzud's Self-Improvement Boutique.
  5514 | D:8      | Found a flagged portal.
  5532 | Bailey   | Entered a bailey
  5586 | Bailey   | Reached XP level 10. HP: 78/80 MP: 17/17
  5641 | Bailey   | Reached *** piety under the Shining One
  5647 | Bailey   | Reached skill level 5 in Short Blades
  5647 | Bailey   | Reached skill level 5 in Long Blades
  5647 | Bailey   | Reached skill level 5 in Maces & Flails
  5647 | Bailey   | Reached skill level 5 in Polearms
  5647 | Bailey   | Reached skill level 5 in Staves
  5647 | Bailey   | Reached skill level 5 in Slings
  5647 | Bailey   | Reached skill level 5 in Bows
  5647 | Bailey   | Reached skill level 5 in Crossbows
  5647 | Bailey   | Reached skill level 5 in Throwing
  5647 | Bailey   | Reached skill level 5 in Dodging
  5647 | Bailey   | Reached skill level 5 in Stealth
  5647 | Bailey   | Reached skill level 5 in Unarmed Combat
  5647 | Bailey   | Reached skill level 5 in Spellcasting
  5647 | Bailey   | Reached skill level 5 in Evocations
  5835 | Bailey   | Found an iron altar of Okawaru.
  6286 | D:8      | Found Wew Ciss's Mass Market.
  7183 | D:10     | Entered Level 10 of the Dungeon
  7485 | D:10     | Reached XP level 11. HP: 85/87 MP: 19/19
  7559 | D:10     | Found a staircase to the Orcish Mines.
  7573 | D:10     | Reached skill level 5 in Conjurations
  7573 | D:10     | Reached skill level 5 in Hexes
  7573 | D:10     | Reached skill level 5 in Summonings
  7573 | D:10     | Reached skill level 5 in Necromancy
  7573 | D:10     | Reached skill level 5 in Translocations
  7573 | D:10     | Reached skill level 5 in Transmutations
  7573 | D:10     | Reached skill level 5 in Fire Magic
  7573 | D:10     | Reached skill level 5 in Ice Magic
  7573 | D:10     | Reached skill level 5 in Air Magic
  7573 | D:10     | Reached skill level 5 in Earth Magic
  7573 | D:10     | Reached skill level 5 in Poison Magic
  7866 | D:10     | Noticed a boulder beetle
  7913 | D:10     | Killed a boulder beetle
  8029 | D:10     | Noticed a two-headed ogre
  8035 | D:10     | Killed a two-headed ogre
  8629 | Orc:1    | Entered Level 1 of the Orcish Mines
  8629 | Orc:1    | Found Jinuisife's Jewellery Boutique.
  8633 | Orc:1    | Noticed an ettin
  8633 | Orc:1    | Reached **** piety under the Shining One
  8640 | Orc:1    | HP: 4/89 [troll (9)]
  8925 | D:10     | The Shining One protects you from harm!
  8926 | D:10     | The Shining One protects you from harm!
  8927 | D:10     | Mangled by an ettin

Illustrated notes

Levels and vault maps discovered:
D:1:      pf_arrival_petrified_forest, layout_basic
D:2:      layout_loops_cross, shapermc_ecumenical_altar_acropolis
D:3:      layout_loops_corners, minmay_goblin_outpost, uniq_sigmund
D:4:      layout_basic
D:5:      cheibrodos_thug_alley, layout_rooms, uniq_grinder
D:6:      layout_gridville
D:7:      layout_cave_pools, chequers_temple_overflow_statue_of_worship,
          minmay_temple_entry_glassed_door, nicolae_shop_self_help, uniq_maggie,
          uniq_duvessa
D:8:      layout_basic, enter_bailey_5, minmay_shop_mass
D:9:      layout_rooms, nicolae_lava_and_water, minmay_misc_feat_four_crosses
D:10:     layout_layer_cave, erik_orc_3, serial_co_window_serial,
          co_window_paths_a, co_window_corner_a, co_window_of_opportunity_a,
          co_window_cross_1, co_window_of_opportunity_a,
          co_window_of_opportunity_b, co_window_cross_2, co_window_2corner,
          glass_columns_b, glass_columns_a, glass_columns_c, glass_columns_b,
          hangedman_incinerator
Orc:1:    nicolae_orc_accident_3, layout_caves, serial_shops, shop

Skill      XL: |  1  2  3  4  5  6  7  8  9 10 11 |
---------------+----------------------------------+-----
Invocations    | 1 2 3 4 5 6 7 |  7.0
Short Blades   | 1 2 3 4 5 6 |  6.3
Long Blades    | 1 2 3 4 5 6 |  6.3
Maces & Flails | 1 2 3 4 5 6 |  6.3
Polearms       | 1 2 3 4 5 6 |  6.3
Staves         | 1 2 3 4 5 6 |  6.3
Slings         | 1 2 3 4 5 6 |  6.3
Bows           | 1 2 3 4 5 6 |  6.3
Crossbows      | 1 2 3 4 5 6 |  6.3
Throwing       | 1 2 3 4 5 6 |  6.3
Dodging        | 1 2 3 4 5 6 |  6.3
Stealth        | 1 2 3 4 5 6 |  6.3
Unarmed Combat | 1 2 3 4 5 6 |  6.3
Spellcasting   | 1 2 3 4 5 6 |  6.3
Evocations     | 1 2 3 4 5 6 |  6.3
Conjurations   | 1 2 3 4 5 |  5.2
Hexes          | 1 2 3 4 5 |  5.2
Summonings     | 1 2 3 4 5 |  5.2
Necromancy     | 1 2 3 4 5 |  5.2
Translocations | 1 2 3 4 5 |  5.2
Transmutations | 1 2 3 4 5 |  5.2
Fire Magic     | 1 2 3 4 5 |  5.2
Ice Magic      | 1 2 3 4 5 |  5.2
Air Magic      | 1 2 3 4 5 |  5.2
Earth Magic    | 1 2 3 4 5 |  5.2
Poison Magic   | 1 2 3 4 5 |  5.2
Axes           | 5 6 7 |  7.9
Fighting       | 7 8 9 |  9.2
Armour         | 7 8 9 |  9.2
Shields        | 7 8 9 |  9.2

Action                   |  1- 3 |  4- 6 |  7- 9 | 10-12 || total
-------------------------+-------+-------+-------+-------++-------
Melee: War axe           |    84 |    78 |   173 |   247 ||   582
       Bite              |     6 |    12 |    22 |    37 ||    77
Invok: Divine Shield     |       |       |       |     2 ||     2
  Use: Scroll            |     4 |     6 |     6 |     3 ||    19
       Potion            |       |     1 |       |     3 ||     4
Armor: Scale mail        |     9 |       |       |       ||     9
       Chain mail        |    11 |       |       |       ||    11
       Plate armour      |    23 |    70 |   119 |   163 ||   375
Dodge: Dodged            |    23 |    27 |    65 |   112 ||   227
Block: Buckler           |    26 |    31 |    60 |    91 ||   208

Table legend: (Time is in decaauts)
 A = Elapsed time spent in this place.
 B = Non-inter-level travel time spent in this place.
 C = Inter-level travel time spent in this place.
 D = Time resting spent in this place.
 E = Time spent auto-exploring this place.
 F = Levels seen in this place.
 G = Mean time per level.
                   A        B        C        D        E       F      G
               +--------+--------+--------+--------+--------+-----+--------+
         Total |   9065 |   8822 |    243 |    362 |   6041 |  12 |  755.4 |
       Dungeon |   8692 |   8450 |    242 |    204 |   6019 |  10 |  869.2 |
  Orcish Mines |     12 |     12 |      0 |      0 |      0 |   1 |   12.0 |
        Bailey |    360 |    360 |      0 |    158 |     22 |   1 |  360.0 |
               +--------+--------+--------+--------+--------+-----+--------+

Top non-repeatable levels by time:
    D:10: 1703 daAuts
     D:1: 1195 daAuts
     D:3: 1137 daAuts
     D:8: 839 daAuts
     D:2: 794 daAuts
     D:9: 758 daAuts
     D:4: 666 daAuts
     D:7: 596 daAuts
     D:5: 524 daAuts
     D:6: 476 daAuts
  Bailey: 360 daAuts
   Orc:1: 12 daAuts
